 Dungeon Crawl Stone Soup version 0.27.1-33-g824d729ab1 (webtiles) character file.

Game seed: 135032357643074271

982140 manyhoops the Sorcerer (level 27, -2/205 HPs)
             Began as a Demigod Fire Elementalist on Dec 8, 2021.
             Slain by a death scarab (12 damage)
             ... summoned by a royal mummy
             ... on level 3 of the Tomb of the Ancients on Dec 9, 2021.
             The game lasted 07:16:34 (137789 turns).

manyhoops the Sorcerer (DgFE)                     Turns: 137789, Time: 07:16:35

Health: -2/205     AC: 34    Str: 16      XL:     27
Magic:  3/59       EV: 18    Int: 64 (67) God:
Gold:   4496       SH: 13    Dex: 14      Spells: 9/77 levels left

rFire    + + +     SeeInvis +   o - +3 Elemental Staff {rElec rF++ rC++ Will++ AC+5}
rCold    + + .     Faith    .   r - +3 buckler {rPois}
rNeg     . . .     Spirit   .   d - +6 faerie dragon scales {Fly rElec rCorr}
rPois    +         Reflect  +   m - +2 helmet {Int+3}
rElec    +         Harm     .   x - +2 cloak {Will+}
rCorr    +         Rampage  .   Y - +2 pair of gloves {Str+3}
Will     +++++                  b - +2 pair of boots {Stlth+}
Stlth    +++++++++.             W - amulet of Ofrel {Reflect Int+4 Slay+5 SH+5}
HPRegen  0.44/turn              I - ring "Quidas" {rF+ Will+ Int+7}
MPRegen  0.36/turn              V - ring "Finlug" {SInv Stlth+}

@: flying, slowed, studying Polearms, very slow
A: high mp 1, forlorn, frail 1, shaggy fur 1, strong 2
}: 6/15 runes: decaying, slimy, silver, icy, abyssal, gossamer
a: no special abilities


You were on level 3 of the Tomb of the Ancients.
You visited 16 branches of the dungeon, and saw 78 of its levels.
You visited the Abyss 3 times.
You also visited: Bailey and Volcano.

You collected 11438 gold pieces.
You spent 6942 gold pieces at shops.

Inventory:

Hand Weapons
 o - the +3 Elemental Staff (weapon) {rElec rF++ rC++ Will++ AC+5}
   (You found it on level 9 of the Dungeon)

   If the wielder is skilled in Evocations, they can discharge powerful blasts
   of elemental energy when striking with it.
   It enhances your fire, ice, earth and air magic.
   AC:        It affects your AC (+5).
   rF:        It greatly protects you from fire.
   rC:        It greatly protects you from cold.
   rElec:     It insulates you from electricity.
   Will:      It greatly increases your willpower.
Missiles
 B - 5 throwing nets
Armour
 b - a +2 pair of boots of stealth (worn)
 d - the +6 faerie dragon scales (worn) {Fly rElec rCorr}
   (You took it off the Enchantress on level 1 of the Depths)

   rElec:     It insulates you from electricity.
   Fly:       It grants you flight.
   rCorr:     It protects you from acid and corrosion.
 f - a +3 leather armour of positive energy
 m - a +2 helmet of intelligence (worn)
 r - a +3 buckler of poison resistance (worn)
 x - a +2 cloak of willpower (worn)
 Y - a +2 pair of gloves of strength (worn)
Jewellery
 j - a +4 ring of evasion
 C - a ring of wizardry
 G - a ring of fire
 I - the ring "Quidas" (left hand) {rF+ Will+ Int+7}
   (You found it on level 5 of the Pits of Slime)

   [ring of willpower]

   Int:       It affects your intelligence (+7).
   rF:        It protects you from fire.
   Will:      It increases your willpower.
 J - the ring "Hiotwamu" {Ice Str+7 Int+3 Slay+4}
   (You took it off a deep elf master archer on level 3 of the Elven Halls)

   [ring of ice]

   It enhances your ice magic.
   Str:       It affects your strength (+7).
   Int:       It affects your intelligence (+3).
   Slay:      It affects your accuracy & damage with ranged weapons and melee
   (+4).
   rF:        It makes you vulnerable to fire.
   rC:        It protects you from cold.
 R - the ring "Symuev" {Fly rPois}
   (You found it on level 3 of the Crypt)

   [ring of poison resistance]

   rPois:     It protects you from poison.
   Fly:       It grants you flight.
 U - the amulet of Renelel {Acrobat rC+ Regen+ rCorr}
   (You took it off a deep elf high priest on level 3 of the Elven Halls)

   [amulet of the acrobat]

   It increases your evasion while moving and waiting.
   rC:        It protects you from cold.
   Regen:     It increases your rate of health regeneration.
   rCorr:     It protects you from acid and corrosion.
 V - the ring "Finlug" (right hand) {SInv Stlth+}
   (You took it off an ogre mage on level 5 of the Vaults)

   [ring of see invisible]

   SInv:      It lets you see invisible.
   Stlth:     It makes you more stealthy.
 W - the amulet of Ofrel (around neck) {Reflect Int+4 Slay+5 SH+5}
   (You found it on level 1 of the Elven Halls)

   [amulet of reflection]

   It reflects blocked missile attacks.
   Int:       It affects your intelligence (+4).
   Slay:      It affects your accuracy & damage with ranged weapons and melee
   (+5).
   SH:        It affects your SH (+5).
 X - a ring of protection from cold
 Z - an amulet of magic regeneration
Wands
 c - a wand of paralysis (53)
 t - a wand of iceblast (76)
 w - a wand of digging (15)
 O - a wand of acid (38)
Scrolls
 e - 5 scrolls of immolation
 i - 11 scrolls of noise
 q - 7 scrolls of vulnerability
 s - 8 scrolls of enchant armour
 y - 7 scrolls of fear
 A - 4 scrolls of silence
 D - 30 scrolls of identify
 H - 3 scrolls of teleportation
 L - 4 scrolls of fog
 Q - 4 scrolls of amnesia
 S - 2 scrolls of magic mapping
Potions
 g - a potion of mutation
 h - 8 potions of lignification
 k - 5 potions of haste
 l - 23 potions of curing
 n - 5 potions of berserk rage
 p - 8 potions of might
 u - 6 potions of ambrosia
 v - 8 potions of flight
 z - 5 potions of resistance
 K - 2 potions of magic
 N - 6 potions of invisibility
 P - 7 potions of brilliance
 T - 11 potions of attraction


   Skills:
 - Level 15.3 Fighting
 - Level 9.0 Staves
 - Level 8.8 Armour
 - Level 14.6 Dodging
 - Level 18.5 Stealth
 - Level 4.1 Shields
 + Level 25.5 Spellcasting
 - Level 25.1 Conjurations
 - Level 12.1 Necromancy
 - Level 11.2 Transmutations
 - Level 20.0 Fire Magic
 - Level 15.0 Air Magic
 - Level 15.7 Earth Magic


You had 9 spell levels left.
You knew the following spells:

 Your Spells              Type           Power      Damage    Failure   Level
a - Shock                 Conj/Air       100%       1d9       0%          1
b - Ignition              Fire           87%        3d22      1%          8
c - Sticky Flame          Conj/Fire      100%       2d11      0%          4
d - Fireball              Conj/Fire      90%        3d33      0%          5
e - Passage of Golubria   Tloc           N/A        N/A       1%          4
f - Fire Storm            Conj/Fire      90%        8d23      1%          9
g - Passwall              Tmut/Erth      100%       N/A       0%          2
h - Lee's Rapid Deconstr  Erth           81%        3d37*     0%          5
i - Necromutation         Tmut/Necr      62%        N/A       4%          8
j - Iskenderun's Mystic   Conj/Tloc      100%       2d19      0%          4
k - Bolt of Magma         Conj/Fire/Erth 100%       4d37      0%          5
l - Blink                 Tloc           N/A        N/A       1%          2
m - Chain Lightning       Conj/Air       87%        3d116     2%          9
n - Corpse Rot            Necr/Air       N/A        N/A       0%          2

Your spell library contained the following spells:

 Spells                   Type           Power      Damage    Failure   Level
 Animate Skeleton         Necr           100%       N/A       0%          1
 Foxfire                  Conj/Fire      100%       2x1d9     0%          1
 Magic Dart               Conj           100%       1d8       0%          1
 Pain                     Necr           100%       1d9       0%          1
 Sandblast                Erth           100%       2d20      0%          1
 Sting                    Tmut/Pois      100%       1d8       0%          1
 Poisonous Vapours        Pois/Air       100%       N/A       0%          2
 Searing Ray              Conj           100%       3d7       0%          2
 Sublimation of Blood     Necr           62%        N/A       0%          2
 Conjure Flame            Conj/Fire      100%       6-21      0%          3
 Dazzling Flash           Conj/Hex       100%       N/A       0%          3
 Ignite Poison            Fire/Tmut/Pois 100%       N/A       0%          3
 Inner Flame              Hex/Fire       100%       N/A       0%          3
 Mephitic Cloud           Conj/Pois/Air  100%       N/A       0%          3
 Swiftness                Air            100%       N/A       0%          3
 Vampiric Draining        Necr           62%        2d14      0%          3
 Airstrike                Air            80%        N/A       0%          4
 Fulminant Prism          Conj/Hex       63%        3d27      0%          4
 Hailstorm                Conj/Ice       100%       3d20      0%          4
 Petrify                  Tmut/Erth      100%       N/A       0%          4
 Borgnjor's Vile Clutch   Necr/Erth      78%        N/A       0%          5
 Freezing Cloud           Conj/Ice/Air   90%        6-21      0%          5
 Iskenderun's Battlesphe  Conj           100%       2d15      0%          5
 Iron Shot                Conj/Erth      87%        9d16      0%          6
 Starburst                Conj/Fire      90%        6d23      0%          6
 Orb of Destruction       Conj           79%        9d19      0%          7
 Apportation              Tloc           100%       N/A       1%          1
 Corona                   Hex            76%        N/A       1%          1
 Summon Small Mammal      Summ           100%       N/A       1%          1
 Call Imp                 Summ           69%        N/A       1%          2
 Ensorcelled Hibernation  Hex/Ice        100%       N/A       1%          2
 Slow                     Hex            69%        N/A       1%          2
 Call Canine Familiar     Summ           69%        N/A       1%          3
 Confusing Touch          Hex            69%        N/A       1%          3
 Frozen Ramparts          Ice            100%       1d12      1%          3
 Gell's Gravitas          Tloc           34%        N/A       1%          3
 Lesser Beckoning         Tloc           34%        N/A       1%          3
 Ozocubu's Armour         Ice            89%        N/A       1%          3
 Portal Projectile        Hex/Tloc       100%       N/A       1%          3
 Summon Guardian Golem    Hex/Summ       69%        N/A       1%          3
 Teleport Other           Tloc           69%        N/A       1%          3
 Tukima's Dance           Hex            69%        N/A       1%          3
 Cause Fear               Hex            34%        N/A       1%          4
 Ice Form                 Ice/Tmut       100%       N/A       1%          4
 Leda's Liquefaction      Hex/Erth       67%        N/A       1%          4
 Olgreb's Toxic Radiance  Pois           69%        N/A       1%          4
 Summon Ice Beast         Ice/Summ       89%        N/A       1%          4
 Summon Lightning Spire   Summ/Air       100%       N/A       1%          4
 Agony                    Necr           100%       N/A       1%          5
 Silence                  Hex/Air        66%        N/A       1%          5
 Yara's Violent Unravell  Hex/Tmut       50%        3d19      1%          5
 Eringya's Noxious Bog    Tmut/Pois      50%        N/A       1%          6
 Simulacrum               Ice/Necr       63%        N/A       1%          6
 Statue Form              Tmut/Erth      100%       N/A       1%          6
 Dragon Form              Tmut           61%        N/A       1%          7
 Spellforged Servitor     Conj/Summ      63%        N/A       1%          7
 Storm Form               Tmut/Air       77%        N/A       1%          7
 Lehudib's Crystal Spear  Conj/Erth      87%        10d19     1%          8
 Maxwell's Capacitive Co  Air            80%        ∞         1%          8
 Manifold Assault         Tloc           69%        N/A       2%          5
 Metabolic Englaciation   Hex/Ice        44%        N/A       2%          5
 Summon Forest            Summ/Tloc      34%        N/A       2%          5
 Infestation              Necr           62%        N/A       4%          8
 Dispersal                Tloc           34%        N/A       14%         6
 Monstrous Menagerie      Summ           34%        N/A       58%         7
 Ozocubu's Refrigeration  Ice            44%        4d13      58%         7
 Summon Hydra             Summ           34%        N/A       58%         7
 Dragon's Call            Summ           34%        N/A       100%        9
 Polar Vortex             Ice            44%        N/A       100%        9


Dungeon Overview and Level Annotations

Branches:
Dungeon (15/15)            Temple (0/1) D:7            Lair (6/6) D:11
  Swamp (4/4) Lair:2       Spider (4/4) Lair:4        Slime (5/5) Lair:5
    Orc (2/2) D:9             Elf (3/3) Orc:2        Vaults (5/5) D:14
  Crypt (3/3) Vaults:2       Tomb (3/3) Crypt:3      Depths (5/5) D:15
   Hell (visited)             Dis (4/7) Hell            Geh (0/7) Hell
    Coc (7/7) Hell            Tar (7/7) Hell            Zot (4/5) Depths:5
 Bailey (visited)         Volcano (visited)

Shops:
D:5 (   D:13 (   Orc:1 [(*   Orc:2 !*[(   Elf:1 (*   Elf:2 [[(:?   Elf:3 :
Vaults:4 (   Vaults:5 *   Depths:1 *   Depths:4 ([[(*

Portals:
Hell: Depths:1 Depths:2 Depths:3 Depths:4 Depths:5
Abyss: Depths:2 Depths:4 Depths:5
Pandemonium: Depths:3
Ziggurat: Depths:5

Annotations:
D:11 2 transporters, sydd's ghost, journeyman DgAE


Innate Abilities, Weirdness & Mutations

Your attributes grow dramatically as you level up.
You have an increased reservoir of magic. (+10% MP)
You shall have no god before yourself.
You are frail. (-10% HP)
You are covered in fur. (AC +1)
Your muscles are very strong. (Str +4)


Message History

The royal mummy casts a spell.
You feel your strength returning.
Unknown command.
Unknown command.
As you read the scroll of holy word, it crumbles to dust.
You speak a Word of immense power!
The death scarab convulses! x2
You destroy the death scarab!
The death scarab's corpse disappears in a puff of smoke!
The royal mummy convulses!
The chaos spawn convulses!
You kill the chaos spawn!
The chaos spawn degenerates into a cloud of primal chaos!
The death scarab is lost in a daze.
The death scarab bites you but does no damage.
The emperor scorpion stings you!
* * * LOW HITPOINT WARNING * * *
You block the emperor scorpion's attack. x2
The royal mummy casts a spell at you. Something smites you!
* * * LOW HITPOINT WARNING * * *
Unknown command.
Okay, then.
Okay, then.
You feel better.
The death scarab is lost in a daze. x3
The emperor scorpion misses you.
The emperor scorpion claws you but does no damage.
The emperor scorpion completely misses you.
The death scarab bites you.
* * * LOW HITPOINT WARNING * * *
The death scarab drains your vigour!
You feel as though you will be slow longer.
The death scarab draws strength from your injuries!
The emperor scorpion stings you but does no damage.
The emperor scorpion closely misses you.
The emperor scorpion completely misses you.
You hear a loud "Zot"!
You block the royal mummy's attack.
Okay, then.
Okay, then.
You feel better. The death scarab bites you!
You die...

#.s##...B.......##**,
#M.####BB........##**
#.†# *#.B........#*
#.†# *#..........*
#..# *..........**
#..# *#.B.^.....,*
#.§## #.........,*
#§Ms#####*#........,,
##.M@...#*#........,,
##..B...##.MBB....,,
#####+####M.B....,,
*##....#*.B..BM.,,
***.....^.##.MBB..,,
*,,...^....##.8BMM..
**,,........<##8MM...
*,,,..........##$.=.^
*,,,...(.......##MM88


You could see 2 royal mummies, an emperor scorpion (summoned) and a death scarab
(summoned, dazed).

Vanquished Creatures
  Antaeus (Coc:7)
  the Royal Jelly (Slime:5)
  3 ancient liches
  An orb of fire (Zot:4)
  A dread lich (Crypt:3)
  Mennas (Vaults:3)
  A juggernaut (shapeshifter) (Elf:1)
  24 royal mummies
  Sojobo (Vaults:4)
  14 shard shrikes
  A Killer Klown (Zot:2)
  Frederick (Tomb:1)
  Boris (Depths:3)
  Margery (D:15)
  Xtahua (Vaults:4)
  Saint Roka (Crypt:2)
  4 curse toes
  Geryon (Hell)
  7 golden dragons
  Jory (Tomb:1)
  Nikola (Spider:3)
  the Enchantress (Depths:1)
  16 bone dragons
  32 Tzitzimimeh
  2 iron giants
  13 doom hounds
  3 electric golems
  Jorgrun (Spider:3)
  A hellephant (Depths:5)
  15 tentacled monstrosities
  Asterion (Vaults:1)
  10 liches
  14 Ice Fiends
  4 titans (Vaults:5)
  4 deep elf blademasters
  5 death cobs
  2 deep elf master archers (Elf:3)
  2 Executioners
  12 sphinxes
  25 ancient champions
  Frances (D:13)
  5 quicksilver dragons
  7 tentacled starspawn
  17 acid blobs
  Murray (Depths:5)
  Gastronok (D:9)
  7 tengu reavers
  9 storm dragons
  5 thorn hunters
  15 shadow dragons
  12 azure jellies
  3 rockslimes
  5 fire giants
  Roxanne (Spider:4)
  8 draconian monks
  6 fenstrider witches
  5 draconian knights
  5 revenants
  7 deep elf sorcerers
  5 frost giants
  The ghost of ioannis32 the Protected, an adept DsBe of Trog (Elf:1)
  9 ghost moths
  2 orc warlords (Depths:4)
  5 iron dragons
  7 emperor scorpions
  A cacodemon (Dis:2)
  12 vault wardens
  6 draconian shifters
  Aizul (Vaults:2)
  5 draconian scorchers
  Louise (Swamp:4)
  3 deep elf elementalists (Elf:3)
  3 balrugs
  11 ghouls
  5 draconian annihilators
  48 reapers
  26 ironbound preservers
  4 draconian stormcallers
  20 very ugly things
  4 spriggan defenders
  17 stone giants
  4 war gargoyles
  7 quicksilver oozes
  16 vampire knights
  5 elemental wellsprings
  The ghost of Garym the Cruncher, a journeyman MiGl of Okawaru (D:15)
  4 bennus
  2 juggernaut skeletons
  5 green draconians
  6 black draconians
  2 lorocyprocas (Dis:2)
  5 deep elf demonologists
  6 bunyips
  Nessos (Lair:4)
  8 red draconians
  2 entropy weavers
  5 deep elf annihilators (Elf:3)
  7 purple draconians
  A minotaur (shapeshifter) (Elf:1)
  7 spark wasps
  4 dire elephants
  5 white draconians
  6 yellow draconians
  A merfolk javelineer (Depths:2)
  11 deep elf death magi
  A green death (Dis:2)
  Snorg (D:13)
  An eleionoma (Swamp:4)
  2 crystal guardians
  9 blizzard demons
  Josephine (Lair:4)
  6 deep elf high priests
  24 mummy priests
  12 ettins
  5 quicksilver dragon zombies
  10 jiangshi
  15 great orbs of eyes
  7 fire dragons
  A peacekeeper (Vaults:3)
  3 hell beasts
  3 kraken zombies
  13 yaktaur captains
  23 ice dragons
  6 boulder beetles
  19 hydras
  3 quicksilver dragon skeletons
  7 ironbound thunderhulks
  A shambling mangrove (Abyss:3)
  4 ghost crabs
  7 rakshasas
  5 ironbound frosthearts
  6 ogre magi
  5 catoblepae
  36 vault guards
  A centaur warrior (D:15)
  A death knight (D:11)
  2 anacondas (shapeshifter) (Vaults:5)
  A satyr (Abyss:3)
  4 spriggan air magi
  25 dancing weapons
  A two-headed ogre (shapeshifter) (Elf:1)
  9 deep troll shamans
  11 alligators
  8 tengu warriors
  The ghost of IHuginn the Fighter, a novice GnWn of Okawaru (D:9)
  38 death scarabs
  12 two-headed ogres
  3 hell hogs
  10 thrashing horrors
  10 deep troll earth magi
  19 death yaks
  15 vampire magi
  7 spriggan berserkers
  7 ironbound beastmasters
  7 titan zombies
  22 hell knights
  11 orc high priests
  6 storm dragon zombies
  14 soul eaters
  5 sun demons
  Nergalle (D:11)
  Sonja (D:11)
  2 shadow wraiths (Hell)
  16 deep elf knights
  7 wretched stars
  4 titan skeletons
  13 spriggans
  10 iron trolls
  2 sixfirhies
  3 death drakes
  15 anaconda zombies
  88 deep trolls
  3 goliath frogs
  191 skeletal warriors
  7 flayed ghosts
  3 storm dragon skeletons
  7 glowing orange brains
  A spatial maelstrom (Abyss:4)
  4 golden dragon zombies
  7 spriggan druids
  15 starcursed masses
  22 shadow demons
  11 deep elf archers
  15 large abominations
  2 golden dragon skeletons
  3 swamp dragons
  7 bog bodies
  6 orc knights
  A quicksilver dragon simulacrum (Coc:5)
  18 ironbound convokers
  7 shadow dragon zombies
  A sphinx zombie (Crypt:2)
  4 iron dragon zombies
  16 wizards
  6 harpies
  27 wolf spiders
  20 deep elf zephyrmancers
  5 anaconda skeletons
  33 deep elf pyromancers
  A kraken simulacrum (Hell)
  32 phantasmal warriors
  9 necromancers
  2 wolf spider zombies
  14 lindwurms
  7 stone giant zombies
  2 manticores (Lair:6)
  2 salamanders (Depths:2)
  3 frost giant zombies
  An oklob plant (Abyss:5)
  A wolf spider (shapeshifter) (Vaults:4)
  7 iron dragon skeletons
  59 ugly things
  14 orb spiders
  A sphinx skeleton (Depths:3)
  2 shadow dragon skeletons
  5 cyclopes
  2 will-o-the-wisps (Swamp:1)
  6 fire giant zombies
  9 stone giant skeletons
  17 moths of wrath
  7 frost giant skeletons
  9 worldbinders
  An elephant (Abyss:5)
  5 fire giant skeletons
  7 black mambas
  A titan simulacrum (Depths:4)
  Maurice (D:13)
  6 dire elephant zombies
  An apocalypse crab (Abyss:5)
  A black mamba (shapeshifter) (Elf:1)
  2 water nymphs (Abyss:3)
  A guardian serpent (Abyss:4)
  16 vault sentinels
  A naga mage (Depths:5)
  5 gargoyles
  27 rust devils
  10 smoke demons
  A torpor snail (Spider:4)
  4 ice statues
  2 shock serpent skeletons
  2 catoblepas zombies
  14 cane toads
  6 molten gargoyles
  A swamp worm zombie (Crypt:2)
  2 emperor scorpion zombies
  A yellow draconian zombie (Crypt:2)
  A red draconian zombie (Tar:1)
  4 rime drakes
  4 efreet
  14 hellions
  An orange demon (Swamp:4)
  A pale draconian zombie (Crypt:1)
  9 komodo dragons
  5 dire elephant skeletons
  A kobold demonologist (D:9)
  2 unseen horrors
  6 ancient zymes
  57 ice devils
  53 freezing wraiths
  A golden dragon simulacrum (Coc:1)
  A green draconian skeleton (Tar:1)
  4 tengu conjurers
  42 yaktaurs
  5 red devils
  34 tormentors
  11 demonic crawlers
  25 guardian mummies
  A yaktaur skeleton (Vaults:3)
  4 harpy zombies
  8 hellwings
  2 iron troll skeletons (Crypt:3)
  A silent spectre (Tar:6)
  A catoblepas skeleton (Coc:2)
  14 hydra zombies
  2 polar bears (Lair:3)
  A polar bear (shapeshifter) (Abyss:5)
  4 bloated husks
  9 hydra skeletons
  A wind drake (shapeshifter) (Elf:1)
  A queen bee (shapeshifter) (Depths:3)
  7 trolls
  28 jumping spiders
  A merfolk (shapeshifter) (Elf:1)
  3 meliai (D:14)
  21 hornets
  A troll (shapeshifter) (Elf:1)
  8 tyrant leeches
  A hornet (shapeshifter) (Elf:1)
  A raiju (shapeshifter) (Elf:3)
  A harpy skeleton (Tar:6)
  111 slime creatures
  26 blink frogs
  18 raiju
  14 alligator zombies
  A deep troll zombie (Depths:1)
  A stone giant simulacrum (Coc:7)
  A fire giant simulacrum (Tar:6)
  An iron dragon simulacrum (Hell)
  A tarantella zombie (Crypt:3)
  2 ettin zombies
  4 ice dragon zombies
  5 fire dragon zombies
  An air elemental (Elf:3)
  2 alligator skeletons
  A black mamba zombie (Crypt:3)
  16 ushabtiu
  174 flying skulls
  2 vampires
  4 ettin skeletons
  7 fire dragon skeletons
  31 shadows
  A spriggan skeleton (Depths:3)
  22 wraiths
  3 elf zombies
  24 tarantellas
  5 wyverns
  57 yaks
  4 ice dragon skeletons
  80 redbacks
  Sigmund (D:2)
  3 spriggan simulacra
  22 humans (D:14)
  6 black mamba skeletons
  4 basilisks
  3 fire bats (Abyss:2)
  3 chaos spawn
  4 fire elementals
  A steam dragon (D:5)
  28 water elementals
  Eustachio (D:5)
  12 vampire mosquitoes
  2 human simulacra
  Menkaure (D:5)
  11 neqoxecs
  An elf skeleton (Depths:1)
  A swamp worm (shapeshifter) (Depths:5)
  16 swamp worms
  A water nymph zombie (Crypt:3)
  9 wargs
  An acid dragon (shapeshifter) (Vaults:5)
  5 cane toad zombies
  A merfolk zombie (Tomb:1)
  A hydra simulacrum (Coc:5)
  14 water moccasins
  41 hell hounds
  A floating eye (Slime:5)
  30 orc warriors
  9 small abominations
  5 sky beasts
  11 boggarts
  7 cane toad skeletons
  15 ice beasts
  A black bear (D:6)
  44 necrophages
  An alligator simulacrum (Hell)
  4 snapping turtle zombies
  2 manticore skeletons
  10 centaurs
  A swamp dragon skeleton (Crypt:3)
  5 ogres
  17 wolves
  2 snapping turtle skeletons
  A torpor snail zombie (Crypt:1)
  3 phantoms
  A rime drake zombie (Crypt:1)
  10 kobold brigands
  12 bullfrogs
  3 gnoll sergeants
  A scorpion (D:4)
  2 rime drake skeletons (Crypt:1)
  A komodo dragon skeleton (Crypt:3)
  4 earth elementals
  6 killer bees
  A troll zombie (Tomb:2)
  A water moccasin skeleton (D:5)
  A troll skeleton (Tar:6)
  A queen bee zombie (Crypt:1)
  51 wights
  A raiju skeleton (Crypt:2)
  9 electric eels
  A howler monkey (D:12)
  A bullfrog zombie (D:5)
  6 centaur zombies
  11 jellies
  A quasit (Abyss:1)
  A centaur skeleton (D:5)
  2 bullfrog skeletons
  4 hounds
  38 orc priests
  A human zombie (Crypt:3)
  2 gnoll shamans
  4 iguanas
  8 iron imps
  Terence (D:3)
  21 orc wizards
  5 hell rats
  An ogre zombie (Tar:7)
  A tengu zombie (Dis:2)
  A naga zombie (Coc:7)
  A hound zombie (D:5)
  A naga skeleton (Crypt:3)
  A hound skeleton (D:5)
  66 mummies
  11 gnolls
  6 adders
  2 river rats (D:11)
  A naga simulacrum (Coc:4)
  25 shadow imps
  31 white imps
  4 ufetubi
  A worm (D:7)
  3 dart slugs
  119 orcs
  3 ball pythons
  9 endoplasms
  6 giant cockroaches
  13 goblins
  10 hobgoblins
  4 jackals (D:1)
  4 quokkas
  3 bats
  3 frilled lizards (D:1)
  A goblin zombie (Crypt:2)
  15 kobolds
  A kobold skeleton (Coc:1)
  5 rats
  3 bushes (Lair:5)
  7 fire vortices
  2 lurking horrors
  7 starspawn tentacles
  9 tentacles
4063 creatures vanquished.

Vanquished Creatures (collateral kills)
  A dread lich (Vaults:5)
  2 royal mummies (Tomb:1)
  A tentacled starspawn (Abyss:5)
  An azure jelly (Slime:5)
  A shadow dragon (Hell)
  2 frost giants
  A very ugly thing (Depths:5)
  A stone giant (Depths:1)
  A yaktaur captain (Depths:5)
  A thrashing horror (Abyss:4)
  A skeletal warrior (Tar:3)
  A harpy zombie (Crypt:2)
  A slime creature (Slime:3)
  A spriggan (Depths:1)
  A starcursed mass (Abyss:5)
  A mummy (Tomb:2)
  A shadow imp (Tar:3)
  2 white imps
  A kobold zombie (Tar:3)
  4 foxfires
26 creatures vanquished.

Vanquished Creatures (others)
  A tentacled starspawn (Abyss:5)
  A fire giant (Depths:3)
  A spark wasp (Depths:3)
  A hell hog (Hell)
  A sixfirhy (Swamp:4)
  A glowing orange brain (Abyss:5)
  2 deep elf zephyrmancers (Elf:1)
  A hornet (Swamp:4)
  A flying skull (Coc:7)
  A white imp (Coc:7)
  338 fire vortices
  1607 foxfires
  34 fungi
  A lurking horror (Abyss:3)
  91 plants
  7 starspawn tentacles
  7 tentacles
  9 withered plants (Crypt:3)
2105 creatures vanquished.

Grand Total: 6194 creatures vanquished

Notes
Turn   | Place    | Note
-------+----------+-------------------------------------------
     0 | D:1      | manyhoops the Demigod Fire Elementalist began the quest for
                  | the Orb.
     0 | D:1      | Reached XP level 1. HP: 14/14 MP: 5/5
   224 | D:1      | You fall into a shaft and drop 1 floor!
   300 | D:2      | Reached skill level 1 in Conjurations
   376 | D:2      | Reached XP level 2. HP: 20/20 MP: 7/7
   517 | D:2      | Noticed Sigmund
   918 | D:1      | Reached XP level 3. HP: 23/26 MP: 8/8
  1593 | D:2      | Learned a level 3 spell: Conjure Flame
  1991 | D:3      | Noticed Terence
  1998 | D:3      | Killed Terence
  2154 | D:2      | Reached XP level 4. HP: 11/33 MP: 3/10
  2947 | D:3      | Reached XP level 5. HP: 38/38 MP: 4/12
  3420 | D:4      | Reached XP level 6. HP: 44/45 MP: 5/14
  3425 | D:4      | Learned a level 4 spell: Sticky Flame
  4518 | D:5      | Entered Level 5 of the Dungeon
  4712 | D:2      | Killed Sigmund
  4713 | D:2      | Reached skill level 5 in Fire Magic
  4713 | D:2      | Reached XP level 7. HP: 37/50 MP: 9/16
  4808 | D:2      | Learned a level 5 spell: Fireball
  5068 | D:5      | Found Iprychoun's Weapon Emporium.
  5071 | D:5      | Bought a throwing net for 33 gold pieces
  5232 | D:5      | Noticed Menkaure
  5238 | D:5      | Killed Menkaure
  5584 | D:5      | Reached skill level 5 in Spellcasting
  5904 | D:5      | Noticed Eustachio
  5926 | D:5      | Killed Eustachio
  5927 | D:5      | Reached XP level 8. HP: 54/57 MP: 16/19
  6021 | D:5      | Reached skill level 5 in Conjurations
  6280 | D:5      | Learned a level 3 spell: Dazzling Flash
  7173 | D:6      | Learned a level 3 spell: Inner Flame
  8000 | D:6      | Reached XP level 9. HP: 62/62 MP: 12/22
  8203 | D:6      | Learned a level 2 spell: Passwall
  8504 | D:7      | Found a staircase to the Ecumenical Temple.
 11299 | D:8      | Learned a level 3 spell: Gell's Gravitas
 11461 | D:9      | Noticed a kobold demonologist
 11471 | D:9      | Noticed a smoke demon
 11473 | D:9      | Noticed an ice devil
 11492 | D:10     | Entered Level 10 of the Dungeon
 11598 | D:10     | Noticed a seven-headed hydra
 11602 | D:10     | Killed a seven-headed hydra
 11603 | D:10     | Reached XP level 10. HP: 69/69 MP: 6/26
 12029 | D:10     | Reached skill level 1 in Fighting
 12540 | D:10     | Reached skill level 5 in Dodging
 12694 | D:10     | Reached skill level 5 in Fighting
 12811 | D:10     | Noticed a two-headed ogre
 12813 | D:10     | Killed a two-headed ogre
 12929 | D:9      | Found a staircase to the Orcish Mines.
 13094 | D:9      | Found a runed translucent gate.
 13096 | D:9      | Found a runed translucent gate.
 13097 | D:9      | Found a runed translucent gate.
 13101 | D:9      | Noticed IHuginn's ghost (novice GnWn)
 13173 | D:9      | Reached XP level 11. HP: 88/88 MP: 10/27
 13474 | D:9      | Noticed Gastronok
 13490 | D:9      | Killed Gastronok
 13847 | D:9      | Learned a level 4 spell: Passage of Golubria
 14103 | D:9      | Found the +3 Elemental Staff {rElec rF++ rC++ Will++ AC+5}
 14824 | D:11     | Found a transporter.
 14837 | D:11     | Noticed a death yak
 14887 | D:11     | Noticed a death yak
 14887 | D:11     | Noticed a death yak
 14887 | D:11     | Found a staircase to the Lair.
 15003 | D:9      | Reached skill level 1 in Shields
 15063 | D:11     | Noticed Nergalle
 15068 | D:11     | Killed Nergalle
 15197 | D:11     | Noticed a death knight
 15210 | D:11     | Killed a death knight
 15217 | D:11     | Noticed a phantasmal warrior
 15217 | D:11     | Noticed a phantasmal warrior
 15444 | D:10     | Killed a death yak
 15834 | D:11     | Found a transporter.
 15834 | D:11     | Noticed sydd's ghost (journeyman DgAE)
 15836 | D:11     | Noticed a war gargoyle
 15838 | D:11     | Noticed a boulder beetle
 15961 | D:11     | Noticed a two-headed ogre
 15973 | D:11     | Reached skill level 1 in Earth Magic
 15974 | D:11     | Killed a two-headed ogre
 15975 | D:11     | Noticed Sonja
 16092 | D:11     | Noticed a skeletal warrior
 16101 | D:11     | Killed a skeletal warrior
 16329 | D:11     | Noticed a deep elf pyromancer
 16333 | D:11     | Killed a deep elf pyromancer
 16342 | D:11     | Noticed a crystal guardian
 16345 | D:11     | Noticed a stone giant
 16433 | D:10     | Learned a level 5 spell: Lee's Rapid Deconstruction
 16611 | Orc:1    | Entered Level 1 of the Orcish Mines
 16611 | Orc:1    | Found Xewnod's Antique Armour Shop.
 16628 | Orc:1    | Bought a dazzling scale mail for 234 gold pieces
 16628 | Orc:1    | Identified the +0 scale mail of the Villain {rElec Int-3
                  | Dex+8} (You bought it in a shop on level 1 of the Orcish
                  | Mines)
 16666 | Orc:1    | Found Fauzumm's Firing Range.
 16796 | Orc:1    | Found a flagged portal.
 16816 | Bailey   | Entered a bailey
 17137 | Bailey   | Reached XP level 12. HP: 80/96 MP: 7/29
 17416 | Bailey   | Reached skill level 5 in Earth Magic
 17874 | Bailey   | Reached XP level 13. HP: 102/102 MP: 29/32
 18392 | Orc:1    | Found Zihakh's Assorted Antiques.
 18400 | Orc:1    | Bought a scroll of identify for 56 gold pieces
 18400 | Orc:1    | Bought a scroll of amnesia for 98 gold pieces
 18400 | Orc:1    | Bought a scroll of identify for 56 gold pieces
 18400 | Orc:1    | Bought a scroll labelled SIL VIPUWONLEE for 28 gold pieces
 18400 | Orc:1    | Bought a scroll of blinking for 210 gold pieces
 18400 | Orc:1    | Bought a green potion for 25 gold pieces
 18400 | Orc:1    | Bought a scroll labelled SIL VIPUWONLEE for 28 gold pieces
 18400 | Orc:1    | Bought a scroll of identify for 56 gold pieces
 18400 | Orc:1    | Bought a twisted onyx ring for 140 gold pieces
 18642 | Orc:2    | Entered Level 2 of the Orcish Mines
 18832 | Orc:2    | Found a staircase to the Elven Halls.
 18853 | Orc:2    | Found a dark tunnel.
 18857 | Volcano  | Entered a volcano
 19291 | Orc:2    | Reached skill level 5 in Stealth
 21027 | Orc:2    | Found Ecextuvoepn's General Store.
 21027 | Orc:2    | Found Leitomm's Distillery.
 21032 | Orc:2    | Bought a scroll of fog for 22 gold pieces
 21041 | Orc:2    | Bought a potion of heal wounds for 70 gold pieces
 21041 | Orc:2    | Bought a potion of flight for 42 gold pieces
 21041 | Orc:2    | Bought a potion of brilliance for 56 gold pieces
 21041 | Orc:2    | Bought a potion of magic for 112 gold pieces
 21075 | Orc:2    | Found Heirych's Weapon Shoppe.
 21075 | Orc:2    | Found Caoprus's Armour Shop.
 21807 | D:11     | Killed a stone giant
 22244 | D:9      | Killed IHuginn's ghost
 22825 | D:11     | Killed Sonja
 23393 | D:11     | Got Lee's Almanac of Combat Magic and Earth
 23853 | Lair:1   | Entered Level 1 of the Lair of Beasts
 24627 | Lair:1   | Reached XP level 14. HP: 110/110 MP: 25/36
 25512 | Lair:2   | Found a staircase to the Swamp.
 25866 | Lair:2   | Learned a level 6 spell: Starburst
 26412 | Lair:2   | Learned a level 4 spell: Iskenderun's Mystic Blast
 27554 | Lair:3   | Reached skill level 10 in Fire Magic
 28060 | Lair:4   | Noticed Josephine
 28064 | Lair:4   | Killed Josephine
 28279 | Lair:4   | Found a hole to the Spider Nest.
 28387 | Lair:4   | Reached skill level 10 in Conjurations
 28393 | Lair:4   | Noticed Nessos
 28396 | Lair:4   | Killed Nessos
 30840 | Lair:5   | Found a staircase to the Slime Pits.
 31275 | Lair:6   | Entered Level 6 of the Lair of Beasts
 31898 | Lair:6   | Reached XP level 15. HP: 115/115 MP: 14/37
 34283 | Swamp:1  | Entered Level 1 of the Swamp
 34781 | Swamp:1  | Identified a scroll of acquirement
 34782 | Swamp:1  | Acquired 1087 gold pieces
 37149 | Swamp:3  | Noticed a fenstrider witch
 37150 | Swamp:3  | Noticed a fenstrider witch
 37151 | Swamp:3  | Killed a fenstrider witch
 37151 | Swamp:3  | Noticed a fenstrider witch
 37156 | Swamp:3  | Killed a fenstrider witch
 37157 | Swamp:3  | Killed a fenstrider witch
 37292 | Swamp:3  | Found a runed translucent door.
 37846 | Swamp:3  | Reached XP level 16. HP: 112/122 MP: 25/38
 38138 | Swamp:3  | Identified the +7 flail of the Dungeon {vorpal, Contam rN+
                  | Stlth+}
 38554 | Swamp:4  | Entered Level 4 of the Swamp
 38554 | Swamp:4  | Noticed Louise
 38560 | Swamp:4  | Killed Louise
 40128 | Swamp:4  | Noticed a tentacled monstrosity
 40137 | Swamp:4  | Killed a tentacled monstrosity
 40476 | Swamp:4  | Reached skill level 15 in Fire Magic
 41117 | Swamp:4  | Got a decaying rune of Zot
 41523 | Spider:1 | Entered Level 1 of the Spider Nest
 41953 | Spider:1 | Identified the +0 leather armour "Bogoxtau" {Dex+4}
 42552 | Spider:1 | Reached skill level 15 in Conjurations
 44332 | Spider:2 | Reached XP level 17. HP: 111/128 MP: 17/39
 46233 | Spider:3 | Noticed Nikola
 46234 | Spider:3 | Noticed Jorgrun
 46239 | Spider:3 | Killed Nikola
 46253 | Spider:3 | Killed Jorgrun
 46847 | Spider:3 | Reached skill level 1 in Armour
 48028 | Spider:4 | Entered Level 4 of the Spider Nest
 49268 | Spider:4 | Reached skill level 5 in Armour
 49653 | Spider:4 | Noticed Roxanne
 49697 | Spider:4 | Reached skill level 1 in Staves
 50312 | Spider:4 | Killed Roxanne
 50324 | Spider:4 | Learned a level 5 spell: Bolt of Magma
 51819 | Spider:4 | Got a gossamer rune of Zot
 52908 | D:13     | Reached skill level 10 in Fighting
 53113 | D:13     | Noticed Snorg
 53115 | D:13     | Killed Snorg
 53214 | D:13     | Identified the +0 leather armour "Huweekh" {rPois Will+
                  | Str+2}
 53510 | D:13     | Found Qithu Anefo's Weapon Shoppe.
 53662 | D:13     | Reached XP level 18. HP: 147/147 MP: 34/40
 53759 | D:13     | Noticed Maurice
 53763 | D:13     | Killed Maurice
 53883 | D:13     | Noticed Frances
 53888 | D:13     | Killed Frances
 55207 | D:14     | Found a gate to the Vaults.
 56189 | D:15     | Entered Level 15 of the Dungeon
 56580 | D:15     | Found a staircase to the Depths.
 56861 | D:15     | Found a transporter.
 56933 | D:15     | Found a transporter.
 56935 | D:15     | Noticed Garym's ghost (journeyman MiGl)
 56940 | D:15     | Identified the +1 great mace of the Glowing Soothsayer
                  | {flame, +Blink rPois Will++ Stlth-}
 57319 | Vaults:1 | Entered Level 1 of the Vaults
 57377 | Vaults:1 | Reached skill level 10 in Earth Magic
 59564 | Vaults:1 | Noticed Asterion
 59568 | Vaults:1 | Killed Asterion
 60358 | Vaults:2 | Reached XP level 19. HP: 154/154 MP: 10/41
 60639 | Vaults:2 | Found a staircase to the Crypt.
 61358 | Vaults:2 | Noticed Aizul
 61362 | Vaults:2 | Killed Aizul
 61877 | Vaults:3 | You fall into a shaft and drop 1 floor!
 61880 | Vaults:4 | Noticed Xtahua
 62358 | Vaults:4 | Noticed Sojobo
 62474 | Vaults:4 | Reached skill level 15 in Spellcasting
 62518 | Vaults:4 | Found Qutral Ysue's Antique Weapon Shoppe.
 62566 | Vaults:4 | Found a magical portal.
 63150 | Vaults:4 | Learned a level 8 spell: Lehudib's Crystal Spear
 63346 | Vaults:4 | Killed Sojobo
 63517 | Vaults:4 | Killed Xtahua
 64488 | Vaults:3 | Reached XP level 20. HP: 128/161 MP: 26/45
 65449 | Vaults:3 | You fall into a shaft and drop 1 floor!
 66225 | Vaults:3 | Noticed Mennas
 66280 | Vaults:3 | Killed Mennas
 67006 | Elf:1    | Entered Level 1 of the Elven Halls
 67052 | Elf:1    | Reached skill level 15 in Earth Magic
 67263 | Elf:1    | Found Nudghuyl's General Store.
 67271 | Elf:1    | Bought a +0 helmet of intelligence for 149 gold pieces
 67347 | Elf:1    | Found Xuesuruwn's Antique Weapon Shop.
 67785 | Elf:1    | Found a transporter.
 67787 | Elf:1    | Noticed ioannis32's ghost (adept DsBe)
 67802 | Elf:1    | Found a transporter.
 68167 | Elf:2    | Found Iprummam's Magic Scroll Boutique.
 68170 | Elf:2    | Bought a scroll of teleportation for 42 gold pieces
 68170 | Elf:2    | Bought a scroll of amnesia for 49 gold pieces
 68170 | Elf:2    | Bought a scroll of amnesia for 49 gold pieces
 68170 | Elf:2    | Bought a scroll of enchant armour for 105 gold pieces
 68170 | Elf:2    | Bought a scroll of enchant armour for 105 gold pieces
 68213 | Elf:2    | Found Atofid's Armour Shop.
 68273 | Elf:2    | Found Xairgh's Antique Weapon Boutique.
 68275 | Elf:2    | Found Yseyzxun's Book Shop.
 68284 | Elf:2    | Bought Asmodeus's Handbook of the Blaze for 828 gold pieces
 68284 | Elf:2    | Bought a book of Air for 396 gold pieces
 68418 | Elf:2    | Found a runed translucent gate.
 68418 | Elf:2    | Found a runed translucent gate.
 68418 | Elf:2    | Found a runed translucent gate.
 69019 | Elf:2    | Found Qerim's Armour Boutique.
 70082 | Elf:3    | Entered Level 3 of the Elven Halls
 70509 | Elf:3    | Found Begid's Book Boutique.
 70517 | Elf:3    | Bought an Inescapable Atlas for 578 gold pieces
 70520 | Elf:3    | Learned a level 2 spell: Blink
 70984 | Elf:3    | Reached XP level 21. HP: 168/168 MP: 40/46
 71845 | Elf:3    | Identified the +2 eveningstar of the Feather {vorpal, rPois
                  | Will+ rCorr Int+2 Dex+3}
 71845 | Elf:3    | Identified the amulet of Renelel {Acrobat rC+ Regen+ rCorr}
 72075 | Elf:3    | Identified the ring "Hiotwamu" {Ice Str+7 Int+3 Slay+4}
 72109 | Elf:3    | Identified the +2 spear "Huzaptu" {freeze, rPois rCorr
                  | SInv}
 72125 | Elf:3    | Got the Grimoire of Flamy Evil Rituals
 72128 | Elf:3    | Got Munk's Guide on the Traveller and Conjuration
 72522 | Depths:1 | Entered Level 1 of the Depths
 72748 | D:15     | Killed Garym's ghost
 72924 | Depths:1 | Noticed Margery
 73101 | Vaults:5 | Entered Level 5 of the Vaults
 73199 | Vaults:4 | Learned a level 9 spell: Fire Storm
 73204 | Vaults:5 | Noticed an ancient lich
 73298 | Vaults:5 | Noticed a dread lich
 73409 | Crypt:1  | Entered Level 1 of the Crypt
 74293 | Crypt:1  | Found the +7 mace of Variability {chain chaos}
 74807 | Crypt:2  | Noticed Saint Roka
 76097 | Crypt:2  | Killed Saint Roka
 76615 | Crypt:3  | Entered Level 3 of the Crypt
 77131 | Crypt:3  | Reached XP level 22. HP: 174/174 MP: 30/48
 78603 | Crypt:3  | Noticed a curse toe
 78610 | Crypt:3  | Killed a curse toe
 78886 | Crypt:3  | Noticed an ancient lich
 78886 | Crypt:3  | Noticed a dread lich
 78926 | Crypt:3  | Killed a dread lich
 78951 | Crypt:3  | Killed an ancient lich
 79126 | Crypt:3  | Found a staircase to the Tomb.
 79202 | Crypt:3  | Got the Papyrus of Black Arts
 79203 | Crypt:3  | Identified the ring "Symuev" {Fly rPois}
 79641 | Vaults:5 | Identified the +7 great sword "Spiderslayer" {freeze,
                  | +Blink Will+ Str+3 Stlth-}
 80435 | Vaults:5 | Identified the ring "Finlug" {SInv Stlth+}
 80502 | Vaults:5 | Found Ufeont's General Store.
 80725 | Vaults:5 | Identified the +0 leather armour of Experimentation {Fly
                  | rElec rF+++ Dex-3}
 81025 | Vaults:5 | Bought a scroll of teleportation for 57 gold pieces
 81095 | Vaults:5 | Identified the +8 plate armour "Eggexun" {-Tele rElec rPois
                  | Int+6}
 81248 | Vaults:5 | Killed a dread lich
 81249 | Vaults:5 | Reached XP level 23. HP: 174/181 MP: 18/49
 81794 | Vaults:5 | Killed an ancient lich
 82086 | Vaults:5 | Identified the +4 short sword of Ebra {holy, Str+2 Int+3}
 82390 | Vaults:5 | Got a silver rune of Zot
 82547 | Vaults:5 | Got the Reference Book on Harmful Contamination
 83324 | D:15     | Killed Margery
 84205 | Depths:1 | Found Hyisiob's Demolitions Depot.
 84213 | Depths:1 | Found a gateway to Hell.
 84498 | Depths:1 | Bought a manual of Conjurations for 1520 gold pieces
 84498 | Depths:1 | Bought a manual of Conjurations for 1520 gold pieces
 84746 | Depths:1 | Noticed the Enchantress
 84747 | Depths:1 | Killed the Enchantress
 85643 | Elf:3    | Identified the +1 falchion of Agony {vorpal, rF+}
 87200 | Depths:2 | Found a one-way gate to the infinite horrors of the Abyss.
 87661 | Depths:3 | Noticed Boris
 87789 | Depths:3 | Killed Boris
 87790 | Depths:3 | Reached XP level 24. HP: 189/189 MP: 24/50
 89307 | Depths:3 | Found a one-way gate leading to the halls of Pandemonium.
 90011 | Depths:4 | Found Kerem's Armour Boutique.
 91176 | Depths:4 | Found Seit's Weapon Shoppe.
 91433 | Depths:4 | Found Boagurr's Weapon Shop.
 91453 | Depths:4 | Acquired 628 gold pieces
 91459 | Depths:4 | Found Ycephyn's Armour Shop.
 91465 | Depths:4 | Bought a +0 cloak of willpower for 230 gold pieces
 91705 | Depths:4 | Found Egem's General Store.
 91713 | Depths:4 | Bought a scroll of teleportation for 48 gold pieces
 92077 | Slime:1  | Entered Level 1 of the Pits of Slime
 93719 | Slime:5  | Entered Level 5 of the Pits of Slime
 94040 | Slime:5  | Noticed the Royal Jelly
 94161 | Slime:5  | Killed the Royal Jelly
 94385 | Slime:5  | Got the Catalogue of Confrontation and Hexes
 94426 | Slime:5  | Identified the +8 rapier of Vitocw {flame, rElec rF+ rC-}
 94427 | Slime:5  | Identified the +11 falchion of Qeiskanu {elec, rF+ Will-
                  | Dex+3}
 94449 | Slime:5  | Identified the +6 chain mail of Yrirruz {Will+ Slay+2}
 94451 | Slime:5  | Got a slimy rune of Zot
 94452 | Slime:5  | Identified the ring "Quidas" {rF+ Will+ Int+7}
 94473 | Slime:5  | Identified the +1 ring mail of Eternal Vigilance {Fly rF-
                  | Regen+ Str+6}
 94520 | Slime:5  | Identified the +8 lajatang of Pefatzy {vorpal, rPois rC+
                  | Int+3 SInv}
 94569 | Slime:5  | Learned a level 1 spell: Shock
 94574 | Slime:5  | Paralysed by a floating eye for 4 turns
 94665 | Slime:5  | Identified the +3 scythe of Freehold {spect, rPois}
 95243 | Depths:5 | Entered Level 5 of the Depths
 95266 | Depths:5 | Reached skill level 1 in Air Magic
 95589 | Depths:5 | Reached XP level 25. HP: 194/194 MP: 43/52
 95777 | Depths:5 | Learned a level 9 spell: Chain Lightning
 95798 | Depths:5 | Found a gateway to a ziggurat.
 95799 | Depths:5 | Noticed an ancient lich
 95813 | Depths:5 | Killed an ancient lich
 95814 | Depths:5 | Reached skill level 5 in Air Magic
 95982 | Depths:5 | Got Ufyed's Disquisition on Slavery
 96269 | Depths:5 | Found a gate to the Realm of Zot.
 96971 | Zot:1    | Entered Level 1 of the Realm of Zot
 97680 | Zot:1    | Reached skill level 10 in Air Magic
101443 | Zot:3    | Reached XP level 26. HP: 201/202 MP: 3/52
101627 | Zot:3    | Reached skill level 15 in Air Magic
103007 | Zot:4    | Noticed an orb of fire
103009 | Zot:4    | Gained mutation: You tend to lose your temper in combat.
                  | [an orb of fire]
103012 | Zot:4    | Killed an orb of fire
103163 | Zot:3    | Lost mutation: You tend to lose your temper in combat.
                  | [potion of mutation]
103163 | Zot:3    | Gained mutation: You are frail. (-10% HP) [potion of
                  | mutation]
103163 | Zot:3    | Gained mutation: You are covered in fur. (AC +1) [potion of
                  | mutation]
103163 | Zot:3    | Gained mutation: You are very frail. (-20% HP) [potion of
                  | mutation]
103164 | Zot:3    | Lost mutation: You are very frail. (-20% HP) [potion of
                  | mutation]
103164 | Zot:3    | Gained mutation: Your muscles are strong. (Str +2) [potion
                  | of mutation]
103164 | Zot:3    | Gained mutation: Your muscles are very strong. (Str +4)
                  | [potion of mutation]
103328 | Depths:5 | Voluntarily entered the Abyss.
103734 | Abyss:1  | Paralysed by accursed screaming for 2 turns
104357 | Abyss:2  | Paralysed by accursed screaming for 2 turns
105043 | Abyss:4  | Acquired 839 gold pieces
105373 | Abyss:5  | Entered Level 5 of the Abyss
105496 | Abyss:5  | Paralysed by accursed screaming for 1 turns
105502 | Abyss:5  | Paralysed by accursed screaming for 2 turns
105675 | Abyss:5  | Paralysed by accursed screaming for 1 turns
105686 | Abyss:5  | Reached skill level 10 in Dodging
105708 | Depths:5 | Escaped the Abyss
106533 | Hell     | Entered the Vestibule of Hell
106533 | Hell     | Noticed Geryon
106534 | Hell     | Noticed Murray
106700 | Depths:5 | Killed Murray
106814 | Hell     | Killed Geryon
107877 | Hell     | Found a gateway to the decaying netherworld of Tartarus.
108439 | Hell     | Found a gateway to the ashen valley of Gehenna.
108485 | Hell     | Found a gateway to the Iron City of Dis.
108512 | Hell     | Found a gateway to the freezing wastes of Cocytus.
108528 | Hell     | Reached XP level 27. HP: 201/201 MP: 39/52
108634 | Coc:1    | Entered Level 1 of Cocytus
109840 | Coc:2    | Reached skill level 10 in Stealth
111717 | Coc:4    | Learned a level 8 spell: Ignition
111768 | Coc:4    | Reached skill level 1 in Transmutations
112216 | Coc:7    | Entered Level 7 of Cocytus
113310 | Coc:7    | Reached skill level 15 in Stealth
113685 | Coc:7    | Noticed Antaeus
113699 | Coc:7    | Killed Antaeus
113721 | Coc:7    | Got an icy rune of Zot
114670 | Hell     | Learned a level 2 spell: Corpse Rot
114719 | Dis:1    | Entered Level 1 of the Iron City of Dis
114749 | Dis:1    | Reached skill level 1 in Necromancy
115441 | Dis:2    | Reached skill level 5 in Transmutations
115590 | Dis:2    | Reached skill level 5 in Necromancy
116635 | Hell     | Learned a level 8 spell: Necromutation
116907 | Dis:4    | HP: 8/201 [??? (3)]
117588 | Elf:1    | Killed ioannis32's ghost
117588 | Elf:1    | Noticed a juggernaut
117590 | Elf:1    | Identified the amulet of Ofrel {Reflect Int+4 Slay+5 SH+5}
117592 | Elf:1    | Killed a juggernaut
117610 | Elf:1    | Identified the +9 scimitar "Foumodar" {freeze, Fly rElec
                  | rC- rN++}
118463 | Dis:1    | You are sucked into a shaft and drop 1 floor!
119009 | Tar:1    | Entered Level 1 of Tartarus
119656 | Tar:1    | You are sucked into a shaft and drop 1 floor!
120103 | Tar:2    | Reached skill level 10 in Necromancy
120967 | Tar:3    | Reached skill level 10 in Transmutations
126559 | Tar:7    | Entered Level 7 of Tartarus
127861 | Tar:4    | Reached skill level 15 in Fighting
129279 | Tar:7    | Reached skill level 5 in Staves
130939 | Depths:4 | Voluntarily entered the Abyss.
131035 | Depths:4 | Escaped the Abyss
131170 | Depths:4 | Voluntarily entered the Abyss.
131910 | Abyss:3  | Got an abyssal rune of Zot
132058 | Depths:4 | Escaped the Abyss
132403 | Tomb:1   | Entered Level 1 of the Tomb of the Ancients
132443 | Tomb:1   | Noticed Frederick
132452 | Tomb:1   | Killed Frederick
132901 | Tomb:1   | Noticed Jory
132904 | Tomb:1   | Killed Jory
135292 | Tomb:2   | Identified the +1 great mace of Fate {antimagic, rPois
                  | rC++}
137556 | Tomb:3   | Entered Level 3 of the Tomb of the Ancients
137565 | Tomb:3   | Found the +8 frozen axe "Frostbite" {freezing cloud, *Noise
                  | Fly rC+}
137778 | Tomb:3   | HP: 10/205 [royal mummy/divine providence (10)]
137787 | Tomb:3   | HP: 1/205 [royal mummy/divine providence (13)]
137789 | Tomb:3   | Slain by a death scarab

Illustrated notes

Levels and vault maps discovered:
D:1:      evilmike_arrival_hilbert_curve, layout_loops_ring,
          hellmonk_ecumenical_altar_lost_god, minmay_misc_feat_rows
D:2:      layout_basic, minmay_tetromino_l2, uniq_sigmund
D:3:      layout_rooms, minmay_misc_feat_tiny, uniq_terence
D:4:      layout_cave_pools, mainiacjoe_overflow_big_doors, corner_web_ring,
          st_stairs_8, minmay_misc_feat_secret_circle
D:5:      minmay_general_purpose_star, layout_gridville, old_standard_altar,
          serial_shops, shop, uniq_eustachio, uniq_menkaure
D:6:      layout_basic
D:7:      layout_cave_pools, chei_slow_surprise, minmay_temple_entry_grid,
          serial_gnoll_camp, gnoll_camp_mini_house, gnoll_camp_mini_hut,
          gnoll_camp_mini_house, gnoll_camp_mini_hut,
          kennysheep_cross_bottleneck
D:8:      layout_basic, nicolae_wwwww
D:9:      layout_basic, mainiacjoe_overflow_catwalk,
          mainiacjoe_overflow_concentric_impassable,
          minmay_orc_entry_temple_small, gammafunk_ghost_ooze, uniq_gastronok
D:10:     minmay_evil_eye, layout_rooms, minivault_8
D:11:     minmay_glassy_protrusions, layout_layer_cave, dpeg_lair_monsters,
          gammafunk_ghost_arena, uniq_nergalle, uniq_sonja
D:12:     minmay_bloctagon_deflated, layout_basic, serial_rivers,
          chequers_serial_rivers_marsh, chequers_serial_rivers_small_3,
          chequers_serial_rivers_small_a, chequers_serial_rivers_marsh,
          chequers_serial_rivers_micro_c
D:13:     layout_loops_corners, serial_shops, nicolae_stop_n_shop_2,
          uniq_frances, uniq_snorg, uniq_maurice
D:14:     layout_stronghold, grunt_vaults_entry_tiered, serial_co_window_serial,
          co_window_corner_a, co_window_cross_1, co_window_corner_a,
          co_window_paths_b, co_window_paths_a, co_window_corner_b,
          co_window_corner_ca, co_window_corner_b, co_window_corner_ca,
          glass_columns_a, hangedman_abyss_or_decor_passed
D:15:     grunt_enter_depths_giant_problem, layout_small_grid,
          gammafunk_ghost_smash, minivault_24
Lair:1:   layout_roguey, nicolae_quartered_pool_medium, grunt_megastairs_2,
          serial_bayou_shore_b
Lair:2:   layout_cave_pods, minmay_swamp_entry_reptiles, basic_altar,
          serial_bayou_shore_b, grunt_megastairs_3
Lair:3:   layout_chaotic_city, serial_bayou_shore_a
Lair:4:   layout_concentric_octagons, spider_nest_entry_webs,
          infiniplex_staircase_pool, uniq_nessos, uniq_josephine
Lair:5:   layout_regular_city, slime_dummy, serial_forest,
          infiniplex_forest_clump_medium, infiniplex_forest_lined_4_way,
          infiniplex_forest_clump_large, infiniplex_forest_clump_diagonal,
          infiniplex_forest_clump_long, infiniplex_forest_end_double,
          nicolae_lair_yak_garden
Lair:6:   evilmike_catoblepas_cave, layout_cave_pods, st_stairs_9,
          grunt_megastairs_5
Swamp:1:  layout_basic_swamp, evilmike_swamp_ruin_house_5, swamp_pool2,
          lemuel_altar_in_water, nicolae_swamp_trees_clearing
Swamp:2:  layout_basic_swamp, evilmike_swamp_ruin_house_4
Swamp:3:  layout_basic_swamp, nicolae_swamp_oxbows, swamp_pool3,
          nzn_swamp_weyward_sisters
Swamp:4:  nzn_swamp_witches_coven, layout_basic_swamp, swamp_pool3, uniq_louise
Spider:1: layout_chambers
Spider:2: layout_spider_delve
Spider:3: layout_spider_delve, uniq_nikola, uniq_jorgrun
Spider:4: spider_rune_water, uniq_roxanne
Slime:1:  layout_caves
Slime:2:  layout_caves
Slime:3:  layout_caves
Slime:4:  layout_caves
Slime:5
Orc:1:    layout_diamond_mine, enter_bailey_5, serial_shops, shop,
          nicolae_shop_stone, nicolae_shop_firing_range
Orc:2:    st_orc_town, layout_diamond_mine, enter_volcano_1,
          hangedman_feature_mirror
Elf:1:    eino_elf_arrival_shootout, layout_loops_corners, serial_shops, shop,
          shop, gammafunk_ghost_berserking_beasts, hangedman_elf_represent,
          hangedman_elf_simple_split, lemuel_flamethrower_2
Elf:2:    elven_hall_of_blades_hangedman_original [nicolae_blade_little_rooms],
          layout_geoelf_diagonals, serial_shops, nicolae_shop_statue_plus, shop,
          minmay_shop_star
Elf:3:    minmay_elf_hall_statues, layout_geoelf_castle, serial_shops, shop,
          grunt_ministairs_1, minivault_23
Vaults:1: v_alt_pattern_5, v_rooms_4, v_alt_pattern_1,
          nicolae_vaults_stairing_the_circle, nicolae_vaults_little_squares_2,
          v_misc_22, nicolae_vaults_diagonal_hallway_9, layout_vaults_omnigrid,
          uniq_asterion
Vaults:2: v_misc_10, minmay_crypt_entry_simple_walls, grunt_vaults_bifocal,
          vaults_room_hallway, v_misc_15, grunt_vaults_swirl, v_pattern_5,
          vaults_room_hangedman_quadrants, hangedman_vaults_maws,
          ontoclasm_vaults_loading_screen, v_misc_30, v_misc_26,
          vaults_dpeg_encased_lava, ontoclasm_vaults_twist,
          layout_vaults_omnicross, uniq_aizul
Vaults:3: v_pattern_3, hangedman_vaults_stream, vaults_room_grid,
          nicolae_vaults_little_squares_4, nicolae_vaults_little_squares_3,
          vaults_mumra_chevron, nicolae_vaults_puzzle_piece,
          vaults_mumra_hexcomb, v_misc_1, v_misc_11,
          nicolae_vaults_little_squares_6, vaults_room_large_hall,
          vaults_dpeg_diagonal, layout_vaults_big_room, uniq_mennas
Vaults:4: serial_ice_b, nicolae_vaults_hallways_thing, v_misc_10,
          ontoclasm_vaults_eye, grunt_vaults_diagonal,
          nicolae_vaults_ninety_degrees, ontoclasm_vaults_pinch,
          hangedman_vaults_capsules, v_misc_11, grunt_vaults_focal,
          vaults_dpeg_hooks, grunt_vaults_hallway_short, layout_vaults_maze,
          lightli_enter_wizlab_magi_temple, serial_shops, shop, uniq_sojobo,
          uniq_xtahua
Vaults:5: serial_shops
Crypt:1:  layout_misc_corridors, grunt_ministairs_5, chequers_big_river
Crypt:2:  layout_rooms, basic_altar, lemuel_elevator, uniq_saint_roka
Crypt:3:  david_glass_crypt, layout_basic, tomb_entry_forgotten_bobbens
Tomb:1:   uniq_frederick, uniq_jory
Tomb:2
Tomb:3
Depths:1: layout_cave_pools, grunt_metal_band, dk_noncrumbling_3,
          nicolae_blasting_shop, nicolae_uskayaw_murder_on_the_dancefloor,
          uniq_enchantress
Depths:2: constructs_gauntlet_mu_hangedman, layout_cave_pools, abyss_entry,
          hellmouth_1, chequers_serial_rivers_small_b
Depths:3: kennysheep_ogre_elephant_herders, layout_cave_shapes, pan_entry,
          hangedman_decor_growths, hell_entry, hangedman_abyss_or_decor_clamps,
          uniq_margery, uniq_boris
Depths:4: nooodl_glass_maze, layout_long_grid, hangedman_tar_grid_catacomb,
          serial_shops, shop_statue, shop,
          nicolae_shop_temple_entry_statues_fountains, nicolae_square_shop,
          nicolae_shop_stone, abyss_entry, minmay_orc_keep, firewood_loft
Depths:5: grunt_zot_entry_alcove, layout_gridlike, enter_ziggurat_d,
          hangedman_geh_valley, serial_sigils, serial_sigils_hangedman_shear,
          serial_sigils_hangedman_shear, serial_sigils_hangedman_snap,
          serial_sigils_hangedman_snap, serial_sigils_hangedman_confine,
          abyss_entry, hangedman_decor_peaks_small,
          hangedman_research_convocations
Hell
Dis:1:    layout_regular_city
Dis:2:    layout_subdivisions
Dis:3:    hangedman_dis_monolith, layout_regular_city
Dis:4:    lemuel_mystery_crypt, layout_chaotic_city
Coc:1:    layout_ice_bergs
Coc:2:    layout_ice_bergs
Coc:3:    layout_cocytus_water_paths
Coc:4:    layout_ice_bergs, not_door_vault_mu, lemuel_elevator
Coc:5:    layout_cocytus_water_paths
Coc:6:    layout_cocytus_water_paths
Coc:7:    coc_mu
Tar:1:    layout_catacombs
Tar:2:    layout_catacombs, nicolae_tar_cuneiform_sun,
          nicolae_tar_cuneiform_to_be, grunt_megastairs_1
Tar:3:    layout_grid_maze
Tar:4:    layout_catacombs, nicolae_tar_cuneiform_water
Tar:5:    layout_grid_maze, nicolae_tar_cuneiform_bread,
          nicolae_tar_cuneiform_three,
          hangedman_mysterious_dungeon_monster_house
Tar:6:    layout_cathedral_of_symmetry, grunt_tartarus_stairs_gauntlet_trap
Tar:7:    tar_old
Zot:1:    layout_gridlike, skrybe_zot_glass_1
Zot:2:    kennysheep_ambush_hall, layout_misc_corridors, drop_trap,
          st_stairs_12, grunt_megastairs_4
Zot:3:    kennysheep_blocky_room, layout_gridlike, grunt_ministairs_13
Zot:4:    layout_onion_interference, grunt_ministairs_14, bh_zot_lava_cross

Skill      XL: |  1  2  3  4  5  6  7  8  9 10 11 12 13 14 15 16 17 18 19 20 21 22 23 24 25 26 27 |
---------------+----------------------------------------------------------------------------------+-----
Fire Magic     | 3 4 5 6 7 8 11 13 15 16 17 19 20 | 20.0
Conjurations   | 1 2 3 4 6 7 8 11 13 15 16 17 19 20 23 25 | 25.1
Spellcasting   | 2 3 4 5 6 8 9 11 13 15 16 17 19 25 | 25.5
Dodging        | 6 7 12 14 | 14.6
Fighting       | 5 6 10 14 15 | 15.3
Stealth        | 4 7 18 | 18.5
Shields        | 4 |  4.1
Earth Magic    | 4 5 6 13 15 | 15.7
Armour         | 5 7 8 |  8.8
Staves         | 3 9 |  9.0
Air Magic      | 4 14 15 | 15.0
Transmutations | 11 | 11.2
Necromancy     | 12 | 12.1

Action                   |  1- 3 |  4- 6 |  7- 9 | 10-12 | 13-15 | 16-18 | 19-21 | 22-24 | 25-27 || total
-------------------------+-------+-------+-------+-------+-------+-------+-------+-------+-------++-------
Melee: Club              |     4 |       |       |       |       |       |       |       |       ||     4
       Unarmed           |     1 |       |    10 |       |       |       |       |       |       ||    11
       Mace              |    47 |    12 |       |       |       |       |       |       |       ||    59
       Short sword       |       |     2 |    42 |       |       |       |       |       |       ||    44
       Dagger            |       |       |    81 |    37 |       |       |       |       |       ||   118
       Staff             |       |       |       |    20 |    97 |    91 |    38 |    52 |   538 ||   836
 Cast: Foxfire           |    84 |   140 |   172 |   119 |   319 |    91 |     6 |     4 |       ||   935
       Conjure Flame     |       |     1 |     4 |       |     2 |       |       |       |       ||     7
       Sticky Flame      |       |       |    39 |    42 |    85 |    95 |    34 |    18 |    98 ||   411
       Dazzling Flash    |       |       |     3 |       |       |       |       |       |       ||     3
       Fireball          |       |       |    22 |    83 |   324 |   447 |   414 |   191 |   285 ||  1766
       Gell's Gravitas   |       |       |     1 |     3 |       |       |       |       |       ||     4
       Passwall          |       |       |     1 |       |     2 |       |       |       |       ||     3
       Inner Flame       |       |       |       |     2 |     7 |    12 |    14 |       |       ||    35
       Lee's Rapid Decon |       |       |       |     6 |    20 |    12 |    38 |    90 |   103 ||   269
       Passage of Golubr |       |       |       |     5 |       |       |       |       |     9 ||    14
       Starburst         |       |       |       |       |    19 |    54 |     7 |       |       ||    80
       Bolt of Magma     |       |       |       |       |       |    52 |   217 |   202 |   647 ||  1118
       Lehudib's Crystal |       |       |       |       |       |       |    10 |     8 |     2 ||    20
       Fire Storm        |       |       |       |       |       |       |     2 |   107 |   206 ||   315
       Iskenderun's Myst |       |       |       |       |       |       |     1 |       |       ||     1
       Chain Lightning   |       |       |       |       |       |       |       |       |    50 ||    50
       Blink             |       |       |       |       |       |       |       |       |     7 ||     7
       Ignition          |       |       |       |       |       |       |       |       |   213 ||   213
       Necromutation     |       |       |       |       |       |       |       |       |    53 ||    53
 Abil: End Transformatio |       |       |       |       |       |       |       |       |     1 ||     1
Evoke: Wand              |       |       |       |       |       |     1 |       |       |     6 ||     7
  Use: Scroll            |       |     1 |    10 |     6 |     9 |     9 |    14 |    13 |    34 ||    96
       Potion            |       |     1 |     3 |     1 |     2 |     5 |     2 |     2 |    31 ||    47
 Stab: Sleeping          |     2 |       |     2 |       |       |       |       |       |       ||     4
       Confused          |       |       |     2 |       |       |       |       |       |       ||     2
       Invisible         |       |       |     1 |       |       |       |       |       |       ||     1
       Distracted        |       |       |       |       |       |     2 |       |       |     3 ||     5
Armor: Leather armour    |    43 |    13 |    27 |    38 |    43 |   263 |    94 |    87 |   539 ||  1147
       Robe              |       |       |    51 |    33 |    46 |       |       |       |       ||   130
       Skin              |       |       |    18 |       |       |       |       |       |       ||    18
       Acid dragon scale |       |       |       |       |       |       |       |       |   709 ||   709
Dodge: Dodged            |    36 |    16 |   181 |    98 |   186 |   318 |   105 |   131 |  2084 ||  3155
Block: Buckler           |       |       |       |     5 |    77 |   102 |    45 |    70 |  1217 ||  1516
